 Dungeon Crawl Stone Soup version 0.28.0-53-g5a82cb258f (webtiles) character file.

Game seed: 16055729065453726189

72 Peloso the Covered (level 4, 0/40 HPs)
             Began as a Minotaur Fighter on June 30, 2022.
             Succumbed to a kobold's poison
             ... on level 3 of the Dungeon.
             The game lasted 00:02:15 (1986 turns).

Peloso the Covered (Minotaur Fighter)               Turns: 1986, Time: 00:02:15

Health: 0/40       AC:  7    Str: 20    XL:     4   Next: 6%
Magic:  3/3        EV:  6    Int:  5    God:
Gold:   55         SH:  5    Dex: 12    Spells: 3/3 levels left

rFire   . . .      SeeInvis .   a - +1 long sword
rCold   . . .      Faith    .   c - +0 buckler
rNeg    . . .      Spirit   .   b - +0 scale mail
rPois   .          Reflect  .   (helmet restricted)
rElec   .          Harm     .   (no cloak)
rCorr   .          Rampage  .   (no gloves)
Will    .....                   (no boots)
Stlth   ..........              (no amulet)
HPRegen 0.13/turn               (no ring)
MPRegen 0.08/turn               (no ring)

@: brilliant, lethally poisoned (0 -> -4), flying, constricted
A: horns 2, retaliatory headbutt
a: no special abilities


You were on level 3 of the Dungeon.
You visited 1 branch of the dungeon, and saw 3 of its levels.

You collected 55 gold pieces.

Inventory:

Hand Weapons
 a - a +1 long sword (weapon)
Armour
 b - a +0 scale mail (worn)
 c - a +0 buckler (worn)
Jewellery
 h - an amulet of faith
 l - a ring of ice
Wands
 f - a wand of acid (6)
Scrolls
 e - a scroll of enchant weapon
 k - a scroll of immolation {unknown}
 m - a scroll of blinking {unknown}
 n - 2 scrolls of teleportation
Potions
 d - a potion of might
 g - a potion of resistance


   Skills:
 + Level 4.2 Fighting
 + Level 3.1 Long Blades
 + Level 4.7 Armour
 + Level 0.1 Dodging
 + Level 0.3 Stealth
 + Level 4.0 Shields


You had 3 spell levels left.
You didn't know any spells.
Your spell library contained the following spells:

 Spells                   Type           Power      Damage    Failure   Level
 Summon Small Mammal      Summ           0%         N/A       88%         1
 Call Canine Familiar     Summ           0%         N/A       99%         3
 Summon Guardian Golem    Hex/Summ       0%         N/A       99%         3


Dungeon Overview and Level Annotations

Branches:
Dungeon (3/15)

Altars:

Shops:
D:2 (


Innate Abilities, Weirdness & Mutations

You have a pair of horns on your head.
You reflexively headbutt those who attack you in melee.


Message History

The hobgoblin is almost dead.
The ball python bites you but does no damage.
The ball python constricts you.
* * * LOW HITPOINT WARNING * * *
The hobgoblin hits you but does no damage.
The kobold throws a poisoned dart.
The poisoned dart hits you!
You are poisoned.
The ball python bites you but does no damage.
The ball python constricts you.
* * * LOW HITPOINT WARNING * * *
The hobgoblin hits you but does no damage.
It was a potion of flight.
You feel very buoyant.
You fly up into the air.
* * * LOW HITPOINT WARNING * * *
You feel sick.
The ball python bites you but does no damage.
The ball python constricts you.
The hobgoblin hits you but does no damage.
The kobold hits you but does no damage.
It was a potion of brilliance.
You feel clever all of a sudden.
* * * LOW HITPOINT WARNING * * *
You feel sick. The ball python completely misses you.
The ball python constricts you.
The hobgoblin hits you but does no damage.
The kobold hits you but does no damage. The ball python bites you.
* * * LOW HITPOINT WARNING * * *
The ball python constricts you.
You barely miss the hobgoblin.
The hobgoblin is severely wounded.
* * * LOW HITPOINT WARNING * * *
You feel sick.
The ball python bites you but does no damage.
The ball python constricts you. The hobgoblin hits you.
* * * LOW HITPOINT WARNING * * *
The kobold hits you but does no damage.
You slash the hobgoblin!
You kill the hobgoblin!
You die...

.. ........... ...
#.....[....
....#.........
....#....>...
...........##
............#####
.......KS.......### .
.......@....###.....##
.......J.#.....####...
.......$.###........#..
.........# ##..##.....
........># ##.#..#..#
.........# ##......#.###
..##..#.####.........)..
#. #.................#
.##...........#


You could see an endoplasm, a ball python and a kobold.

Vanquished Creatures
  A centaur zombie (D:3)
  A worm (D:3)
  2 dart slugs
  3 ball pythons
  2 bats
  3 endoplasms
  2 giant cockroaches
  4 hobgoblins
  2 jackals (D:1)
  2 quokkas
  3 frilled lizards
  A goblin (D:1)
  4 kobolds
  5 rats (D:2)
35 creatures vanquished.

Notes
Turn   | Place    | Note
-------+----------+-------------------------------------------
     0 | D:1      | Peloso the Minotaur Fighter began the quest for the Orb.
     0 | D:1      | Reached XP level 1. HP: 19/19 MP: 0/0
   460 | D:1      | Reached XP level 2. HP: 25/27 MP: 1/1
  1271 | D:2      | Found Horyum's Antique Weapon Shop.
  1329 | D:2      | Reached XP level 3. HP: 33/33 MP: 2/2
  1938 | D:3      | Reached XP level 4. HP: 22/40 MP: 3/3
  1985 | D:3      | HP: 1/40 [hobgoblin (4)]
  1986 | D:3      | Succumbed to a kobold's poison

Illustrated notes

Levels and vault maps discovered:
D:1:      tarquinn_simple_flora_water_b, layout_basic
D:2:      layout_basic, serial_shops, nicolae_shop_stone
D:3:      layout_rooms

Skill      XL: |  1  2  3 |
---------------+----------+-----
Armour         | 4 |  4.7
Fighting       | 4 |  4.2
Long Blades    | 3 |  3.1
Shields        | 4 |  4.0
Dodging        | |  0.1
Stealth        | |  0.3

Action                   |  1- 3 |  4- 6 || total
-------------------------+-------+-------++-------
Melee: Long sword        |    70 |     7 ||    77
       Headbutt          |     9 |       ||     9
  Use: Scroll            |     5 |       ||     5
       Potion            |       |     2 ||     2
Armor: Scale mail        |    39 |    11 ||    50
Dodge: Dodged            |    41 |     5 ||    46
Block: Buckler           |    13 |     3 ||    16
